 Dungeon Crawl Stone Soup version 0.20.1-1-g8b1a95d (webtiles) character file.

947 stormannn the Chiller (level 8, -9/52 HPs)
             Began as a Barachi Summoner on Dec 9, 2017.
             Shot with an arrow by something (12 damage)
             ... on level 6 of the Dungeon.
             The game lasted 00:29:49 (7149 turns).

stormannn the Chiller (Barachi Summoner)            Turns: 7149, Time: 00:29:49

Health: -9/52      AC:  4    Str:  9    XL:     8   Next: 13%
Magic:  16/16      EV: 14    Int: 23    God:
Gold:   270        SH:  0    Dex: 13    Spells: 10/18 levels left

rFire    . . .     SeeInvis .   G - staff of earth
rCold    . . .     Gourm    .   (no shield)
rNeg     . . .     Faith    .   a - +0 robe
rPois    .         Spirit   .   u - +1 helmet
rElec    .         Reflect  .   (no cloak)
rCorr    .         Harm     .   (no gloves)
MR       .....                  (no boots)
Stlth    ++........             s - amulet of magic regeneration
Regen    0.2/turn               C - +5 ring of intelligence
MPRegen  0.3/turn               j - ring of flight

@: about to teleport, can't hop, slow
A: +LOS, swims, slowness 1, strong legs 1
a: Hop, Evoke Flight


You were on level 6 of the Dungeon.
You were not hungry.

You visited 1 branch of the dungeon, and saw 6 of its levels.

You collected 270 gold pieces.

Inventory:

Hand Weapons
 i - a +1 dagger of speed
 v - a +1 dagger of electrocution
 y - a +0 whip of venom
 F - a +1 trident of venom
Armour
 a - a +0 robe (worn)
 r - a cursed -2 leather armour
 u - a +1 helmet (worn)
Magical Staves
 G - an uncursed staff of earth (weapon)
Jewellery
 h - an uncursed ring of protection from fire
 j - a ring of flight (right hand)
 s - an amulet of magic regeneration (around neck)
 C - a +5 ring of intelligence (left hand)
Wands
 q - a wand of acid (7/15)
 L - a wand of confusion (26/48)
Scrolls
 e - 2 scrolls of teleportation
 k - 6 scrolls of remove curse
 n - 2 scrolls of fog
 w - 2 scrolls of identify
 x - a scroll of enchant weapon {unknown}
 A - 2 scrolls of fear
 E - a scroll of enchant armour
 I - a scroll of recharging
 J - a scroll of magic mapping
Potions
 d - a potion of flight
 l - a potion of lignification {unknown}
 m - 2 potions of curing {unknown}
 o - 3 potions of haste
 p - a potion of invisibility
 t - a potion of ambrosia {unknown}
 B - a potion of heal wounds {unknown}
 D - a potion of berserk rage {unknown}
 H - a potion of might
Books
 b - a book of Callings

   Spells                             Type                      Level
   a - Summon Small Mammal            Summoning                    1
   b - Call Imp                       Summoning                    2
   c - Call Canine Familiar           Summoning                    3
   d - Summon Guardian Golem          Hexes/Summoning              3
   e - Summon Lightning Spire         Summoning/Air                4
   f - Summon Ice Beast               Ice/Summoning                4
Comestibles
 c - 3 bread rations
 f - 3 royal jellies
 g - 4 meat rations
 z - 4 fruits
 K - a chunk of flesh


   Skills:
 + Level 5.2 Dodging
 - Level 1.7 Stealth
 * Level 5.5 Spellcasting
 + Level 5.4 Summonings
 + Level 6.5 Ice Magic


You had 10 spell levels left.
You knew the following spells:

 Your Spells              Type           Power        Failure   Level  Hunger
a - Summon Small Mammal   Summ           ####         1%          1    None
b - Call Canine Familiar  Summ           ####....     2%          3    ##.....
c - Summon Ice Beast      Ice/Summ       ####....     8%          4    ####...


Dungeon Overview and Level Annotations

Branches:
Dungeon (6/15)
 Temple: D:4-7

Altars:
Ashenzari
Trog


Innate Abilities, Weirdness & Mutations

Shadows flee at your approach. (+LOS)
You can swim through water.
You cover ground slowly.
You can hop short distances.


Message History

An arrow appears from out of thin air!
The arrow barely misses you.
There is an open door, spattered with blood here.
You see here 2 arrows.
You hear a twanging sound.
An arrow appears from out of thin air!
The arrow hits you.
* * * LOW HITPOINT WARNING * * *
You hear a twanging sound.
An arrow appears from out of thin air!
The arrow hits you!
* * * LOW HITPOINT WARNING * * *
You see here 2 arrows.
Okay, then.
Okay, then.
Hop to where?
Press: ? - help, Dir - move target cursor Boing!
As you read the scroll of teleportation, it crumbles to dust.
You feel strangely unstable.
You hear a twanging sound.
An arrow appears from out of thin air!
The arrow hits you!
You die...

#.# #. #.# #.########## #.#
#.#........##
#.###################.....####.#.
................................
.#####......###########)#.####.#
....##..[Y..##......# #.#.## #.#
....##......##......# #)...# #.#
...(##......##..@...###....###.#
>...........{(.....(.....).....#
....##......##ยง............##.###
....##<.....#######.####...##....
....######.......##.# #######...
##### #.......##.# #...
#.......##.# #... #..........#
#... #.....{.##### #...


There were no monsters in sight!

Vanquished Creatures
  An ice beast (D:5)
  An ogre (D:4)
  A crimson imp (D:4)
  2 hounds
  A centaur skeleton (D:4)
  An iguana (D:4)
  An orc wizard (D:4)
  4 worker ants
  A hound zombie (D:5)
  3 gnolls
  2 shadow imps
  An ooze (D:1)
  An adder zombie (D:5)
  A dart slug (D:4)
  A leopard gecko (D:4)
  3 orcs
  2 giant cockroaches (D:2)
  4 hobgoblins
  3 goblins (D:3)
  2 rats (D:1)
36 creatures vanquished.

Vanquished Creatures (collateral kills)
  An ogre (D:4)
  The ghost of stormannn the Caller, an amateur BaSu (D:5)
  Blork the orc (D:6)
  A scorpion (D:6)
  A howler monkey (D:4)
  3 crimson imps
  A hound (D:6)
  4 orc priests
  A bullfrog skeleton (D:5)
  2 orc wizards
  2 worker ants
  Robin (D:3)
  8 gnolls
  5 adders
  An adder skeleton (D:5)
  An adder zombie (D:5)
  2 worms (D:3)
  A dart slug (D:5)
  4 leopard geckos
  11 orcs
  3 giant cockroaches
  12 goblins
  11 hobgoblins
  4 jackals (D:4)
  2 ball pythons
  3 bats
  8 frilled lizards
  A jackal zombie (D:5)
  3 kobolds
  7 rats
106 creatures vanquished.

Grand Total: 142 creatures vanquished

Notes
Turn   | Place    | Note
-------+----------+-------------------------------------------
     0 | D:1      | stormannn the Barachi Summoner began the quest for the Orb.
     0 | D:1      | Reached XP level 1. HP: 13/13 MP: 3/3
   381 | D:1      | Reached skill level 5 in Summonings
   381 | D:1      | Reached XP level 2. HP: 17/19 MP: 1/5
  1011 | D:2      | Reached XP level 3. HP: 19/24 MP: 1/7
  1135 | D:2      | Learned a level 3 spell: Call Canine Familiar
  1623 | D:2      | Reached XP level 4. HP: 30/30 MP: 5/9
  2279 | D:2      | Learned a level 4 spell: Summon Ice Beast
  2366 | D:3      | Reached skill level 1 in Ice Magic
  2500 | D:3      | Reached XP level 5. HP: 16/35 MP: 7/10
  2676 | D:3      | Noticed Robin
  2747 | D:3      | Killed Robin
  2747 | D:3      | Reached skill level 2 in Ice Magic
  3908 | D:4      | Found a shattered altar of Ashenzari.
  4017 | D:4      | Reached skill level 3 in Ice Magic
  4221 | D:4      | Reached XP level 6. HP: 41/41 MP: 10/12
  4269 | D:4      | Reached skill level 4 in Ice Magic
  4462 | D:4      | Reached XP level 7. HP: 35/46 MP: 14/14
  5605 | D:5      | Entered Level 5 of the Dungeon
  5635 | D:5      | Noticed stormannn's ghost (amateur BaSu)
  5646 | D:5      | Reached skill level 5 in Ice Magic
  5653 | D:5      | Killed stormannn's ghost
  5653 | D:5      | Reached skill level 5 in Spellcasting
  6176 | D:5      | Found a bloodstained altar of Trog.
  6188 | D:5      | Reached skill level 5 in Dodging
  6269 | D:5      | Reached skill level 6 in Ice Magic
  6425 | D:6      | Noticed Blork the orc
  6439 | D:6      | Killed Blork the orc
  6439 | D:6      | Reached XP level 8. HP: 44/52 MP: 10/16
  7149 | D:6      | Shot with an arrow by something

Skill      XL: |  1  2  3  4  5  6  7 |
---------------+----------------------+-----
Summonings     | 5 |  5.4
Spellcasting   | 3 4 5 |  5.5
Dodging        | 3 4 5 |  5.2
Ice Magic      | 1 3 4 6 |  6.5
Stealth        | |  1.7

Action                   |  1- 3 |  4- 6 |  7- 9 || total
-------------------------+-------+-------+-------++-------
Melee: Dagger            |    39 |    76 |     8 ||   123
       Unarmed           |     1 |       |       ||     1
       Trident           |       |       |    21 ||    21
       Staff             |       |       |    36 ||    36
       Whip              |       |       |     2 ||     2
 Cast: Summon Small Mamm |    36 |     7 |       ||    43
       Call Canine Famil |     6 |    29 |    12 ||    47
       Summon Ice Beast  |       |       |    16 ||    16
 Abil: Hop               |       |       |     1 ||     1
  Use: Scroll            |       |     9 |     1 ||    10
       Potion            |       |     2 |       ||     2
 Stab: Sleeping          |     1 |       |       ||     1
       Distracted        |       |     2 |     1 ||     3
  Eat: Chunk             |     4 |    11 |     7 ||    22
       Bread ration      |       |       |     1 ||     1
Armor: Robe              |     5 |    20 |    21 ||    46
Dodge: Dodged            |    32 |    75 |    52 ||   159
